 Dungeon Crawl Stone Soup version 0.18-a0-1572-g0a86841 (webtiles) character file.

110103 Duffy the Impaler (level 17, -14/136 HPs)
             Began as a Formicid Abyssal Knight on Mar 15, 2016.
             Was the Champion of Lugonu.
             Demolished by a white ugly thing (20 damage)
             ... on level 14 of the Dungeon.
             The game lasted 00:54:33 (37559 turns).

Duffy the Impaler (Formicid Abyssal Knight)        Turns: 37559, Time: 00:54:34

Health: -14/136    AC: 30    Str: 23    XL:     17   Next: 9%
Magic:  25/25      EV: 11    Int: 13    God:    Lugonu [******]
Gold:   2289       SH: 15    Dex: 18    Spells: 0 memorised, 16 levels left

rFire  . . .     SeeInvis +     I - +2 glaive (freeze)
rCold  . . .     Gourm    .     f - +2 plate armour {rPois}
rNeg   + . .     Faith    .     v - +0 shield {AC+3}
rPois  +         Spirit   .     (helmet unavailable)
rElec  .         Dismiss  .     F - +2 cloak
rCorr  .         Reflect  +     p - +1 pair of gloves {Dex+3}
SustAt .         Harm     .     r - +2 pair of boots
MR     +....                    z - +4 amulet of reflection
Stlth  ..........               t - ring of positive energy
                                q - +5 ring of strength

@: somewhat resistant to hostile enchantments, extremely unstealthy
A: permanent stasis, dig shafts and tunnels, four strong arms, antennae 3,
regeneration 1
a: Dig, Shaft Self, Depart the Abyss, Bend Space, Banish, Corrupt, Enter the
Abyss, Brand Weapon With Distortion, Renounce Religion


You were on level 14 of the Dungeon.
You worshipped Lugonu.
Lugonu was exalted by your worship.
You were very hungry.

You visited 3 branches of the dungeon, and saw 24 of its levels.
You visited the Abyss 1 time.
You also visited: Bailey.

You collected 2567 gold pieces.
You spent 278 gold pieces at shops.


Innate Abilities, Weirdness & Mutations

You are under a permanent stasis effect.
You can dig through walls and to a lower floor.
Your four strong arms can wield two-handed weapons with a shield.
You have a pair of large antennae on your head (SInv).
Your natural rate of healing is unusually fast.


   Skills:
 - Level 13.1 Fighting
 + Level 18.8 Polearms
 - Level 13.0 Armour
 - Level 7.0 Dodging
 + Level 6.9 Shields
 - Level 11.5 Invocations
 - Level 1.5 Evocations


You had 16 spell levels left.
You didn't know any spells.

Inventory:

Hand Weapons
 I - a +2 glaive of freezing (weapon)
Missiles
 o - 96 poisoned needles
 W - a throwing net (quivered)
Armour
 f - a +2 plate armour of poison resistance (worn)
 p - a +1 pair of gloves of dexterity (worn)
 r - a +2 pair of boots (worn)
 v - a +0 shield of protection (worn)
 F - a +2 cloak (worn)
Jewellery
 b - an uncursed ring of flight
 q - a +5 ring of strength (left hand)
 t - a ring of positive energy (right hand)
 w - an uncursed ring of resist corrosion
 z - a +4 amulet of reflection (around neck)
 L - an uncursed ring of protection from cold
 T - an uncursed ring of protection from cold
Wands
 g - a wand of paralysis (10/24)
 i - a wand of acid (5/15)
 m - a wand of teleportation (6/9)
 y - a wand of iceblast (14/15)
 B - a wand of lightning (6/15)
 H - a wand of disintegration (17/24)
 Q - a wand of confusion (27/48)
 R - a wand of iceblast (4/15)
Scrolls
 d - 9 scrolls of remove curse
 e - 9 scrolls of enchant armour
 j - a scroll of vulnerability
 k - 5 scrolls of fear
 u - 2 scrolls of recharging
 D - a scroll of immolation
 K - 3 scrolls of magic mapping
 P - a scroll of identify
 Z - a scroll of enchant weapon
Potions
 c - a potion of invisibility
 l - a potion of might
 n - a potion of ambrosia
 s - 2 potions of lignification
 A - 3 potions of cancellation
 E - a potion of agility
 G - 2 potions of flight
 S - 8 potions of curing
 V - 3 potions of cure mutation
Miscellaneous
 a - a phial of floods
 h - a lamp of fire
 U - a fan of gales
Comestibles
 x - 13 meat rations
 C - 5 bread rations
 J - 4 slices of pizza
 M - 9 royal jellies
 N - 29 fruits
 O - 5 beef jerkies

Dungeon Overview and Level Annotations

Branches:
Dungeon (14/15)            Temple (0/1) D:4            Lair (8/8) D:11
  Swamp (0/4) Lair:3       Spider (0/4) Lair:4        Slime (0/6) Lair:8
    Orc (2/2) D:9             Elf (0/3) Orc:2
 Vaults: D:13-14

Altars:
Cheibriados
Dithmenos
Fedhas
Gozag
Kikubaaqudgha
Nemelex Xobeh
Pakellas
Sif Muna
Zin
Beogh
Jiyva

Shops:
D:4 [   D:5 (?   Orc:2 =*([(

Annotations:
Abyss:1 Erolcha, Pikel


Message History

You block the white ugly thing's attack.
You block the purple ugly thing's attack.
You hit the purple ugly thing. You freeze the purple ugly thing.
The purple ugly thing is moderately wounded.
The white ugly thing misses you.
The green ugly thing basks in the mutagenic energy from its kin and changes!
The purple ugly thing closely misses you.
You slash the purple ugly thing! You freeze the purple ugly thing.
The purple ugly thing is heavily wounded.
You block the white ugly thing's attack.
You slash the purple ugly thing! You freeze the purple ugly thing!
The purple ugly thing is severely wounded.
You block the purple ugly thing's attack.
The white ugly thing trunk-slaps you but does no damage.
You slash the purple ugly thing! You freeze the purple ugly thing.
The purple ugly thing is almost dead.
The purple ugly thing basks in the mutagenic energy from its kin and changes!
The red ugly thing basks in the mutagenic energy from its kin and changes!
You closely miss the red ugly thing.
The red ugly thing is almost dead.
You block the white ugly thing's attack.
You slash the red ugly thing! You freeze the red ugly thing.
You kill the red ugly thing!
Lugonu accepts your kill.
The cyan ugly thing basks in the mutagenic energy from its kin and changes!
The white ugly thing trunk-slaps you but does no damage.
You block the cyan ugly thing's attack.
You hit the cyan ugly thing but do no damage.
The cyan ugly thing gores you but does no damage.
The white ugly thing trunk-slaps you but does no damage.
You barely miss the cyan ugly thing. The cyan ugly thing barely misses you.
You block the white ugly thing's attack.
Your shield and plate armour prevent you from hitting the cyan ugly thing.
The white ugly thing trunk-slaps you. The white ugly thing freezes you!!
You die...

#........# #....... #........#
#....... #.####...# #.......
#)#..###.# #.......
#.#....'.#########.......
#.#....#.................
.#######.#....#.................
...<.....#....#u##########......
#####....#....#@# #..((##
..#....###'##u# #....#
...'.........zu# #....#
...##########.u# #!...#. ....
#..# #....#. ... #..# #. .. #...
#. #.... +. #+#... #.


You could see 4 ugly things and a skeletal warrior.

Action                   |  1- 3 |  4- 6 |  7- 9 | 10-12 | 13-15 | 16-18 || total
-------------------------+-------+-------+-------+-------+-------+-------++-------
Melee: Spear             |   139 |   215 |       |       |       |       ||   354
       Trident           |       |    55 |    72 |   236 |       |       ||   363
       Halberd           |       |       |   353 |   503 |       |       ||   856
       Glaive            |       |       |       |   321 |  1470 |   710 ||  2501
Invok: Banish            |       |       |     2 |     4 |     9 |       ||    15
 Abil: Dig               |       |     2 |     1 |     7 |    13 |     8 ||    31
       Evoke Flight      |       |       |       |     4 |       |       ||     4
  Use: Scroll            |       |    10 |     5 |     9 |     7 |     1 ||    32
       Potion            |       |     1 |       |     1 |       |     1 ||     3
 Stab: Distracted        |       |       |       |     1 |       |       ||     1
       Petrified         |       |       |       |       |     5 |       ||     5
  Eat: Chunk             |       |     7 |    11 |    25 |    40 |    16 ||    99
       Royal jelly       |       |     1 |       |       |       |       ||     1
       Bread ration      |       |       |     2 |     1 |       |       ||     3
       Meat ration       |       |       |       |     1 |       |       ||     1
       Fruit             |       |       |       |       |     4 |       ||     4
       Beef jerky        |       |       |       |       |     4 |       ||     4

Notes
Turn   | Place    | Note
--------------------------------------------------------------
     0 | Abyss:1  | Duffy the Formicid Abyssal Knight began the quest for the Orb.
     0 | Abyss:1  | Reached XP level 1. HP: 18/18 MP: 2/2
     5 | Abyss:1  | Found a corrupted altar of Lugonu.
     8 | D:1      | Escaped the Abyss
    75 | D:1      | Reached XP level 2. HP: 14/24 MP: 3/3
   346 | D:1      | Reached skill level 3 in Polearms
   362 | D:1      | Reached ** piety under Lugonu
   384 | D:1      | Reached XP level 3. HP: 25/29 MP: 4/4
   893 | D:2      | Reached skill level 4 in Polearms
   893 | D:2      | Reached XP level 4. HP: 4/35 MP: 5/5
  1765 | D:2      | Reached *** piety under Lugonu
  2549 | D:3      | Reached XP level 5. HP: 41/41 MP: 6/6
  2923 | D:3      | Found a faded altar to an unknown god.
  2956 | D:3      | Reached skill level 5 in Polearms
  3721 | D:4      | Found a staircase to the Ecumenical Temple.
  3769 | D:4      | Reached XP level 6. HP: 47/47 MP: 7/7
  3849 | D:4      | Reached skill level 6 in Polearms
  3850 | D:4      | Found a glowing silver altar of Zin.
  3984 | D:4      | Found Qiczi's Armour Boutique.
  4022 | D:3      | Found an oddly glowing altar of Pakellas.
  4093 | D:4      | Noticed Sigmund
  4127 | D:4      | Killed Sigmund
  4127 | D:4      | Reached skill level 3 in Invocations
  4127 | D:4      | Reached XP level 7. HP: 14/52 MP: 7/9
  4316 | D:4      | Reached skill level 4 in Invocations
  4551 | D:4      | Found an opulent altar of Gozag.
  4699 | D:5      | Entered Level 5 of the Dungeon
  4742 | D:5      | Reached **** piety under Lugonu
  4759 | D:5      | Reached skill level 7 in Polearms
  4952 | D:5      | Reached skill level 5 in Invocations
  5316 | D:5      | Noticed Pikel
  5353 | D:5      | Banished Pikel
  5353 | D:5      | Reached skill level 6 in Invocations
  5353 | D:5      | Reached XP level 8. HP: 22/58 MP: 10/12
  5565 | D:5      | Found Echyngir's Weapon Boutique.
  5571 | D:5      | Found Jacsim's Magic Scroll Emporium.
  5604 | D:5      | Bought a scroll of identify for 28 gold pieces
  5604 | D:5      | Bought a scroll of identify for 28 gold pieces
  5604 | D:5      | Bought a scroll of random uselessness for 14 gold pieces
  5867 | D:5      | Found a blossoming altar of Fedhas.
  5986 | D:5      | Found a snail-covered altar of Cheibriados.
  6061 | D:5      | Reached skill level 8 in Polearms
  6255 | D:6      | Reached skill level 1 in Shields
  6578 | D:6      | Reached skill level 2 in Shields
  6736 | D:6      | Found a shadowy altar of Dithmenos.
  7169 | D:6      | Reached XP level 9. HP: 48/64 MP: 14/14
  7178 | D:6      | Reached skill level 3 in Armour
  7311 | D:6      | Reached skill level 7 in Invocations
  7583 | D:6      | Reached skill level 9 in Polearms
  8052 | D:7      | Reached skill level 4 in Armour
  8638 | D:7      | Found a sparkling altar of Nemelex Xobeh.
  8984 | D:6      | Reached skill level 8 in Invocations
  9413 | D:6      | Reached skill level 10 in Polearms
  9463 | D:6      | Reached skill level 5 in Armour
  9902 | D:8      | Reached XP level 10. HP: 61/69 MP: 16/16
  9955 | D:8      | Reached ***** piety under Lugonu
 11039 | D:8      | Reached skill level 6 in Armour
 11172 | D:8      | Found an ancient bone altar of Kikubaaqudgha.
 11237 | D:8      | Reached skill level 11 in Polearms
 11237 | D:8      | Reached skill level 9 in Invocations
 11670 | D:9      | Noticed Maurice
 11738 | D:9      | Killed Maurice
 11738 | D:9      | Reached skill level 4 in Fighting
 11809 | D:9      | Found a flagged portal.
 11818 | Bailey   | Entered a bailey
 12494 | D:9      | Reached skill level 5 in Fighting
 12497 | D:9      | Reached XP level 11. HP: 70/77 MP: 17/17
 12627 | D:9      | Found a staircase to the Orcish Mines.
 13114 | D:9      | Reached skill level 12 in Polearms
 13133 | D:9      | Reached skill level 6 in Fighting
 13359 | D:9      | Found a deep blue altar of Sif Muna.
 13672 | D:10     | Entered Level 10 of the Dungeon
 13680 | D:10     | Noticed HandofTrog's ghost (novice TrMo)
 13688 | D:10     | Banished HandofTrog's ghost
 13688 | D:10     | Reached skill level 7 in Fighting
 13701 | D:10     | Noticed Fannar
 13744 | D:10     | Killed Fannar
 14246 | D:10     | Noticed Erolcha
 14248 | D:10     | Banished Erolcha
 14248 | D:10     | Reached skill level 8 in Fighting
 14418 | D:10     | Reached skill level 1 in Dodging
 14604 | D:10     | Reached skill level 13 in Polearms
 14949 | D:10     | Reached skill level 2 in Dodging
 15683 | D:11     | Got a translucent copper amulet
 15685 | D:11     | Identified the amulet "Bireaz" {RegenMP Stlth+} (You found it on level 11 of the Dungeon)
 15696 | D:11     | Noticed a hill giant
 15706 | D:11     | Killed a hill giant
 15706 | D:11     | Reached skill level 3 in Dodging
 15706 | D:11     | Reached XP level 12. HP: 56/91 MP: 18/18
 16017 | D:11     | Found a staircase to the Lair.
 16399 | D:11     | Reached skill level 7 in Armour
 16926 | D:12     | Reached ****** piety under Lugonu
 17479 | D:12     | Reached skill level 8 in Armour
 17495 | D:12     | Reached skill level 14 in Polearms
 17998 | Lair:1   | Entered Level 1 of the Lair of Beasts
 18015 | Lair:1   | Reached skill level 10 in Invocations
 18566 | Lair:1   | Got a pitted pewter ring
 18568 | Lair:1   | Identified the ring "Soaraer" {SustAt Str+3} (You found it on level 1 of the Lair of Beasts)
 19129 | Lair:2   | Reached XP level 13. HP: 93/98 MP: 21/21
 19168 | Lair:2   | Identified the Compendium of Dusty Moulding (You found it on level 2 of the Lair of Beasts)
 19451 | Lair:2   | Noticed a fire dragon
 19456 | Lair:2   | Banished a fire dragon
 19456 | Lair:2   | Reached skill level 11 in Invocations
 20290 | Lair:2   | Reached skill level 15 in Polearms
 20754 | Lair:3   | Reached skill level 4 in Dodging
 21195 | Lair:3   | Found a staircase to the Swamp.
 21559 | Lair:4   | Noticed Josephine
 21580 | Lair:4   | Killed Josephine
 21855 | Lair:4   | Found a hole to the Spider Nest.
 22157 | Lair:4   | Reached skill level 9 in Fighting
 22496 | Lair:4   | Noticed Harold
 22502 | Lair:4   | Noticed a catoblepas
 22518 | Lair:4   | Killed a catoblepas
 22523 | Lair:4   | Killed Harold
 22523 | Lair:4   | Reached skill level 9 in Armour
 22523 | Lair:4   | Reached skill level 5 in Dodging
 23410 | Lair:4   | Reached XP level 14. HP: 100/108 MP: 22/22
 24278 | Lair:5   | Reached skill level 16 in Polearms
 25062 | Lair:6   | Reached skill level 6 in Dodging
 25238 | Lair:6   | Noticed Snorg
 25257 | Lair:6   | Killed Snorg
 25257 | Lair:6   | Reached skill level 10 in Fighting
 25257 | Lair:6   | Reached skill level 10 in Armour
 26992 | Lair:7   | Noticed Maud
 27006 | Lair:7   | Killed Maud
 27790 | Lair:7   | Reached XP level 15. HP: 57/117 MP: 23/23
 28117 | Lair:7   | Reached skill level 7 in Dodging
 29090 | Lair:8   | Entered Level 8 of the Lair of Beasts
 29092 | Lair:8   | Reached skill level 17 in Polearms
 29339 | Lair:8   | Reached skill level 11 in Fighting
 29351 | Lair:8   | Reached skill level 11 in Armour
 30300 | Lair:8   | Got a shimmering brass ring
 30302 | Lair:8   | Identified the ring of Hospitality {Str+3 Dex+3} (You found it on level 8 of the Lair of Beasts)
 30646 | Lair:8   | Found a viscous altar of Jiyva.
 30646 | Lair:8   | Found a staircase to the Slime Pits.
 30890 | Lair:8   | Reached skill level 12 in Fighting
 31525 | Lair:3   | Reached skill level 12 in Armour
 32356 | Orc:1    | Entered Level 1 of the Orcish Mines
 32519 | Orc:1    | Reached XP level 16. HP: 128/128 MP: 24/24
 33145 | Orc:2    | Entered Level 2 of the Orcish Mines
 33183 | Orc:1    | Found a roughly hewn altar of Beogh.
 33501 | Orc:2    | Found a staircase to the Elven Halls.
 33525 | Orc:2    | Found Ficu's Antique Weapon Emporium.
 34245 | Orc:2    | Reached skill level 18 in Polearms
 34486 | Orc:2    | Found Gasoaf's General Store.
 34486 | Orc:2    | Found Mucvin's Jewellery Shoppe.
 34488 | Orc:2    | Found Furiho's Antique Armour Shoppe.
 34488 | Orc:2    | Found Ikles's Antique Weapon Emporium.
 34505 | Orc:2    | Bought a potion of curing for 42 gold pieces
 34505 | Orc:2    | Bought a scroll of magic mapping for 49 gold pieces
 34573 | Orc:2    | Bought a pair of glowing gloves for 117 gold pieces
 35014 | Orc:2    | Reached skill level 13 in Fighting
 35397 | D:12     | Reached skill level 13 in Armour
 35616 | D:13     | Gained mutation: Your natural rate of healing is unusually fast. [potion of beneficial mutation]
 35624 | D:13     | Reached skill level 1 in Evocations
 35834 | D:13     | Reached skill level 3 in Shields
 36506 | D:14     | Reached skill level 4 in Shields
 36744 | D:14     | Reached skill level 5 in Shields
 36960 | D:14     | Noticed a sphinx
 36961 | D:14     | Noticed a sphinx
 36972 | D:14     | Killed a sphinx
 36983 | D:14     | Reached skill level 6 in Shields
 36986 | D:14     | Noticed a tengu reaver
 36992 | D:14     | Killed a sphinx
 36992 | D:14     | Reached XP level 17. HP: 74/136 MP: 25/25
 37005 | D:14     | Killed a tengu reaver
 37559 | D:14     | Demolished by a white ugly thing

Vault maps used:
D:1:      lightli_arrival_statue_moat
D:2:      forest_paths, first_bread
D:3:      lemuel_upstairs_altar, ecumenical_altar_2, bh_walls_and_bars
D:4:      zin_statuary, grunt_gozag_statues, serial_shops, shop,
          grunt_decor_cap, uniq_sigmund
D:5:      lemuel_coloured_pillars_altar, kennysheep_mini, serial_shops, shop,
          nicolae_shop_waterfront, uniq_pikel
D:6:      marbit_many_paths
D:7:      kennysheep_mini_moat
D:8:      lemuel_mausoleum_altar_kikubaaqudgha
D:9:      led_sif_pool, hiddenorc1_lemuel, enter_bailey_1, uniq_maurice
D:10:     hangedman_pestilent_swarm, uniq_fannar, uniq_erolcha
D:11:     erik_lair_orcish_takeover
D:14:     kennysheep_snake, david_vaults_5, hangedman_decor_clover_reticule,
          lightli_elemental_guards
Lair:1:   minivault_25, beast_lair_carwin_3
Lair:2:   dragon1_lemuel, grunt_forest_large_clearings, grunt_megastairs_4
Lair:3:   nicolae_swamp_entry_splash_gauntlet, minmay_holes,
          kennysheep_basilisk_garden, lemuel_fruit_fields
Lair:4:   spider_nest_entry_funnel_web, cheibrodos_lair_caveside_slide,
          forest_entry_grove, serial_bayou_shore_a, grunt_megastairs_3,
          serial_bayou_shore_b, uniq_harold, uniq_josephine
Lair:5:   cheibrodos_magma_flow
Lair:6:   st_stairs_13, zaba_antful_of_joy, uniq_snorg
Lair:7:   wad_woods_04, lemuel_fruit_tree, infiniplex_staircase_pool_2,
          uniq_maud
Lair:8:   evilmike_catoblepas_cave, dpeg_slime_entry_enclosed_altar,
          st_stairs_3, nicolae_lair_grove_arrangements
Orc:1:    serial_shops, basic_altar, hangedman_minor_magic
Orc:2:    st_orc_congregation, serial_shops, shop
Bailey:   bailey_axe_1, bailey

Vanquished Creatures
  2 sphinxes
  A tengu reaver Maud
  An orc warlord Snorg
  2 fire dragons
  A deep elf high priest Fannar Josephine
  4 catoblepae
  The ghost of HandofTrog the Grappler, a novice TrMo of Okawaru
  3 hydras Harold
  4 centaur warriors
  A queen ant
  A tengu warrior
  16 death yaks
  4 orc high priests
  4 skeletal warriors
  An unseen horror (shapeshifter)
  6 hill giants
  5 orc knights
  3 deep elf magi
  A wolf spider zombie
  A phantasmal warrior
  5 orc sorcerers
  A manticore
  5 ugly things
  A cyclops
  2 wolf spiders
  7 griffons Maurice
  A centaur zombie
  8 black mambas
  13 elephants
  2 molten gargoyles
  12 spiny frogs
  A gargoyle
  3 rime drakes
  12 komodo dragons
  A redback zombie
  A tengu conjurer
  2 polar bears
  2 jumping spiders
  A polar bear (shapeshifter)
  6 trolls
  5 slime creatures
  A two-headed ogre
  16 blink frogs
  3 wyverns
  3 spriggans Sigmund
  A spriggan (shapeshifter)
  9 basilisks
  50 yaks
  10 wraiths
  10 hippogriffs
  A hippogriff (shapeshifter)
  A vampire mosquito
  4 mottled dragons
  A steam dragon
  6 swamp worms
  6 wargs
  6 soldier ants
  21 water moccasins
  16 porcupines
  An eye of draining
  38 orc warriors
  A swamp drake
  2 wasps
  3 black bears
  16 ogres
  3 phantoms
  2 ice beasts
  A slave
  8 centaurs
  6 necrophages
  29 wolves
  20 crocodiles
  15 giant frogs
  A gnoll sergeant
  3 wyvern zombies
  A wyvern skeleton
  4 scorpions
  13 killer bees
  2 wights
  3 howler monkeys
  2 electric eels
  8 crimson imps
  5 lava snakes
  A quasit
  2 giant frog zombies
  6 hounds
  8 jellies
  19 orc priests
  31 orc wizards
  A human zombie
  2 centaur skeletons
  5 giant frog skeletons
  An iron imp
  A human skeleton
  6 iguanas
  35 worker ants
  An ogre zombie
  25 sheep
  3 hound zombies
  3 mummies
  A hound skeleton
  4 worker ant zombies
  12 gnolls
  A howler monkey skeleton
  43 river rats
  9 adders
  7 shadow imps
  A white imp
  3 oozes
  7 worms
  3 adder skeletons
  A dart slug
  5 giant geckos
  105 orcs
  6 giant cockroaches
  8 goblins
  16 hobgoblins
  21 jackals
  3 quokkas
  2 ball pythons
  6 bats
  5 giant newts
  26 kobolds
  An orc skeleton
  2 quokka skeletons
  10 rats
  17 fungi
  5 plants
992 creatures vanquished.
